 Dungeon Crawl Stone Soup version 0.22.1-1-ga44c0e56f4 (webtiles) character file.

109 D1HalberdGnoll the Vexing (level 4, -7/51 HPs)
             Began as a Gnoll Arcane Marksman on Nov 5, 2018.
             Killed by divine providence
             ... invoked by an orc priest
              (10 damage)
             ... on level 3 of the Dungeon on Nov 6, 2018.
             The game lasted 00:04:08 (1933 turns).

D1HalberdGnoll the Vexing (Gnoll Arcane Marksman)   Turns: 1933, Time: 00:04:09

Health: -7/51      AC:  5    Str: 17    XL:     4   Next: 90%
Magic:  5/8        EV: 14    Int: 21    God:
Gold:   86         SH:  0    Dex: 16    Spells: 6/9 levels left

rFire    + . .     SeeInvis .   b - +0 spear
rCold    + . .     Gourm    .   (no shield)
rNeg     . . .     Faith    .   c - +2 leather armour {MR+}
rPois    .         Spirit   .   (no helmet)
rElec    .         Reflect  .   i - scarf {rC+ rF+}
rCorr    .         Harm     .   (no gloves)
MR       +....                  (no boots)
Stlth    ..........             (no amulet)
HPRegen  0.17/turn              (no ring)
MPRegen  0.11/turn              (no ring)

@: brilliant, berserking, very quick
A: distributed training, fangs 1, strong nose
a: no special abilities


You were on level 3 of the Dungeon.
You were hungry.

You visited 1 branch of the dungeon, and saw 3 of its levels.

You collected 86 gold pieces.

Inventory:

Hand Weapons
 a - a +1 hand crossbow
 b - a +0 spear (weapon)
Missiles
 d - 11 bolts
Armour
 c - a +2 leather armour of magic resistance (worn)
 i - a scarf of resistance (worn)
Scrolls
 e - 2 scrolls of identify
 k - a scroll of amnesia
Potions
 g - 3 potions of lignification
 j - a potion of resistance
Comestibles
 f - 6 rations
 l - a chunk of flesh


   Skills:
 + Level 2.8 Fighting
 + Level 1.2 Short Blades
 + Level 1.2 Long Blades
 + Level 1.2 Axes
 + Level 1.2 Maces & Flails
 + Level 1.2 Polearms
 + Level 1.2 Staves
 + Level 1.2 Slings
 + Level 1.2 Bows
 + Level 4.7 Crossbows
 + Level 1.2 Throwing
 + Level 1.2 Armour
 + Level 4.7 Dodging
 + Level 1.2 Stealth
 + Level 1.2 Shields
 + Level 1.2 Unarmed Combat
 + Level 3.0 Spellcasting
 + Level 1.0 Conjurations
 + Level 5.5 Hexes
 + Level 1.0 Charms
 + Level 1.0 Summonings
 + Level 1.0 Necromancy
 + Level 1.0 Translocations
 + Level 1.0 Transmutations
 + Level 1.0 Fire Magic
 + Level 1.0 Ice Magic
 + Level 1.0 Air Magic
 + Level 1.0 Earth Magic
 + Level 1.0 Poison Magic
 + Level 1.3 Invocations
 + Level 1.2 Evocations


You had 6 spell levels left.
You knew the following spells:

 Your Spells              Type           Power        Failure   Level  Hunger
a - Corona                Hex            #####..      1%          1    None
b - Slow                  Hex            #####...     1%          2    ##.....

Your spell library contained the following spells:

 Spells                   Type           Power        Failure   Level  Hunger
 Inner Flame              Hex/Fire       ####....     1%          3    ###....
 Portal Projectile        Hex/Tloc       ####..       1%          3    ###....
 Cause Fear               Hex            #####.....   1%          4    ####...
 Leda's Liquefaction      Hex/Erth       ####......   4%          4    ####...


Dungeon Overview and Level Annotations

Branches:
Dungeon (3/15)

Altars:
Qazlal


Innate Abilities, Weirdness & Mutations

Your experience applies equally to all skills.
You have very sharp teeth.
Your uncanny sense of smell can sniff out nearby items.


Message History

Evoke which item? (* to show all) (? for menu, Esc to quit)
You don't have any such object.
Evoke which item? (* to show all) (? for menu, Esc to quit)
Okay, then.
It was a potion of brilliance.
You feel clever all of a sudden.
Evoke which item? (* to show all) (? for menu, Esc to quit)
Okay, then.
It was a potion of berserk rage.
A red film seems to cover your vision as you go berserk!
You feel yourself moving faster!
You feel mighty! The orc priest hits you with a mace.
* * * LOW HITPOINT WARNING * * *
You hit the orc priest but do no damage.
The orc priest is moderately wounded.
You hit the orc priest.
The orc priest is heavily wounded.
The orc priest mumbles some strange prayers to Beogh against you.
Beogh smites you!
You die...

.#########..†.....# .#
##.......# .# #.......#
.# ##......#
.###########......# #
..........##......##.#.
.########.##...........
.# #.##>...o)#..## .#
#.######@## .# .# #.#
#)# .# #.# #.# .# #.#
#.# .# #.# #..
.########.# ###
........#.# .######.#.#
<# #...#


You could see an orc priest.

Vanquished Creatures
  An adder (D:2)
  4 oozes (D:1)
  A worm (D:2)
  5 dart slugs
  3 leopard geckos
  2 orcs (D:3)
  5 bats
  4 giant cockroaches
  11 goblins
  4 hobgoblins
  A quokka (D:2)
  2 ball pythons
  2 frilled lizards
  11 kobolds
  9 rats
65 creatures vanquished.

Notes
Turn   | Place    | Note
-------+----------+-------------------------------------------
     0 | D:1      | D1HalberdGnoll the Gnoll Arcane Marksman began the quest
                  | for the Orb.
     0 | D:1      | Reached XP level 1. HP: 17/17 MP: 4/4
   192 | D:1      | Reached XP level 2. HP: 23/23 MP: 5/5
   286 | D:1      | Reached XP level 3. HP: 28/28 MP: 7/7
   494 | D:1      | Reached skill level 1 in Invocations
   918 | D:1      | Learned a level 2 spell: Slow
   967 | D:2      | Reached skill level 1 in Short Blades
   967 | D:2      | Reached skill level 1 in Long Blades
   967 | D:2      | Reached skill level 1 in Axes
   967 | D:2      | Reached skill level 1 in Maces & Flails
   967 | D:2      | Reached skill level 1 in Polearms
   967 | D:2      | Reached skill level 1 in Staves
   967 | D:2      | Reached skill level 1 in Slings
   967 | D:2      | Reached skill level 1 in Bows
   967 | D:2      | Reached skill level 1 in Throwing
   967 | D:2      | Reached skill level 1 in Armour
   967 | D:2      | Reached skill level 1 in Stealth
   967 | D:2      | Reached skill level 1 in Shields
   967 | D:2      | Reached skill level 1 in Unarmed Combat
   967 | D:2      | Reached skill level 1 in Evocations
   993 | D:2      | Reached XP level 4. HP: 31/34 MP: 8/8
  1529 | D:2      | Found a stormy altar of Qazlal.
  1620 | D:2      | Reached skill level 1 in Conjurations
  1620 | D:2      | Reached skill level 1 in Charms
  1620 | D:2      | Reached skill level 1 in Summonings
  1620 | D:2      | Reached skill level 1 in Necromancy
  1620 | D:2      | Reached skill level 1 in Translocations
  1620 | D:2      | Reached skill level 1 in Transmutations
  1620 | D:2      | Reached skill level 1 in Fire Magic
  1620 | D:2      | Reached skill level 1 in Ice Magic
  1620 | D:2      | Reached skill level 1 in Air Magic
  1620 | D:2      | Reached skill level 1 in Earth Magic
  1620 | D:2      | Reached skill level 1 in Poison Magic
  1933 | D:3      | Killed from afar by an orc priest

Skill      XL: |  1  2  3  4 |
---------------+-------------+-----
Invocations    | 1 |  1.3
Short Blades   | 1 |  1.2
Long Blades    | 1 |  1.2
Axes           | 1 |  1.2
Maces & Flails | 1 |  1.2
Polearms       | 1 |  1.2
Staves         | 1 |  1.2
Slings         | 1 |  1.2
Bows           | 1 |  1.2
Throwing       | 1 |  1.2
Armour         | 1 |  1.2
Stealth        | 1 |  1.2
Shields        | 1 |  1.2
Unarmed Combat | 1 |  1.2
Evocations     | 1 |  1.2
Spellcasting   | 3 |  3.0
Conjurations   | 1 |  1.0
Charms         | 1 |  1.0
Summonings     | 1 |  1.0
Necromancy     | 1 |  1.0
Translocations | 1 |  1.0
Transmutations | 1 |  1.0
Fire Magic     | 1 |  1.0
Ice Magic      | 1 |  1.0
Air Magic      | 1 |  1.0
Earth Magic    | 1 |  1.0
Poison Magic   | 1 |  1.0
Fighting       | |  2.8
Crossbows      | |  4.7
Dodging        | |  4.7
Hexes          | |  5.5

Action                   |  1- 3 |  4- 6 || total
-------------------------+-------+-------++-------
Melee: Spear             |    77 |   145 ||   222
       Bite              |     8 |    10 ||    18
       Punch             |     2 |       ||     2
 Fire: Hand crossbow     |    43 |       ||    43
 Cast: Slow              |       |     3 ||     3
  Use: Scroll            |     5 |       ||     5
       Potion            |       |     2 ||     2
 Stab: Sleeping          |       |     2 ||     2
  Eat: Chunk             |       |     3 ||     3
Armor: Leather armour    |    16 |    25 ||    41
Dodge: Dodged            |    50 |   109 ||   159
